 Dungeon Crawl Stone Soup version 0.32-a0-306-gfed3edf829 (webtiles) character file.

Game seed: 5046208883649063401

11 zazu2006 the Chopper (level 2, -2/34 HPs)
             Began as a Gnoll Wanderer on Feb 14, 2024.
             Killed from afar by Ijyb (7 damage)
             ... with a bolt of acid
             ... on level 3 of the Dungeon.
             The game lasted 00:00:52 (138 turns).

zazu2006 the Chopper (Gnoll Wanderer)                Turns: 138, Time: 00:00:53

Health: -2/34      AC: 13    Str:  8    XL:     2   Next: 29%
Magic:  2/2        EV:  2    Int: 10    God:
Gold:   29         SH:  0    Dex: 15    Spells: 1/1 levels left

rFire   . . .        a - +2 hand axe
rCold   . . .        (no shield)
rNeg    . . .        e - melded +0 robe
rPois   +            (helmet currently unavailable)
rElec   .            (cloak currently unavailable)
rCorr   .            (gloves currently unavailable)
SInv    .            c - melded +0 pair of boots
Will    .....        (no amulet)
Stlth   +++          (no ring)
HPRegen 0.25/turn    (no ring)
MPRegen 0.08/turn

%: no passive effects
@: tree-form, corroded
A: stationary, stasis, torment immunity, boosted hp, (fangs 1), strong nose,
distributed training
a: no special abilities


You were on level 3 of the Dungeon.
You were a tree.
You visited 1 branch of the dungeon, and saw 3 of its levels.

You collected 29 gold pieces.

Inventory:

Hand Weapons
 a - a +2 hand axe (weapon)
Armour
 c - a +0 pair of boots (melded)
 e - a +0 robe (melded)
Scrolls
 f - a scroll of teleportation {unknown}
 g - a scroll of vulnerability {unknown}


   Skills:
 + Level 2.5 Fighting
 + Level 0.4 Short Blades
 + Level 0.4 Long Blades
 + Level 6.5 Axes
 + Level 0.4 Maces & Flails
 + Level 0.4 Polearms
 + Level 0.4 Staves
 + Level 0.4 Ranged Weapons
 + Level 0.4 Throwing
 + Level 0.4 Armour
 + Level 0.4 Dodging
 + Level 5.9 Stealth
 + Level 0.4 Shields
 + Level 2.5 Unarmed Combat
 + Level 0.4 Spellcasting
 + Level 0.2 Conjurations
 + Level 0.2 Hexes
 + Level 0.2 Summonings
 + Level 0.2 Necromancy
 + Level 0.2 Translocations
 + Level 0.2 Fire Magic
 + Level 0.2 Ice Magic
 + Level 0.2 Air Magic
 + Level 0.2 Earth Magic
 + Level 0.2 Alchemy
 + Level 0.5 Invocations
 + Level 4.5 Evocations
 + Level 0.3 Shapeshifting


You had one spell level left.
You didn't know any spells.
Your spell library was empty.

Dungeon Overview and Level Annotations

Branches:
Dungeon (3/15)

Altars:

Annotations:
D:3 Ijyb


Innate Abilities, Weirdness & Mutations

You are a tree.
Your roots penetrate the ground, keeping you stationary.
You cannot be teleported.
You are immune to unholy pain and torment.
Your maximum health is greatly increased.
Your equipment is partially melded.
((You have very sharp teeth.))
Your uncanny sense of smell can sniff out nearby items.
Your experience applies equally to all skills.


Message History

Unknown command.
You hit Ijyb but do no damage. You barely miss the ball python.
You hit the hobgoblin.
You kill the hobgoblin!
The ball python bites you but does no damage.
The ball python constricts you. Ijyb hits you but does no damage.
The ball python bites you but does no damage.
The ball python constricts you.
You hit the ball python.
You kill the ball python!
You closely miss Ijyb.
Ijyb zaps a wand.
The bolt of acid hits you. The acid corrodes you!
Unknown command.
You closely miss Ijyb. Ijyb hits you but does no damage.
You hit the ribbon worm but do no damage.
You closely miss Ijyb.
Ijyb hits you with a +0 dagger of venom.
The ribbon worm barely misses you.
You hit the ribbon worm but do no damage.
You barely miss Ijyb.
Ijyb hits you with a +0 dagger of venom.
Unknown command.
You hit the ribbon worm but do no damage.
You closely miss Ijyb. The ribbon worm bites you.
* * * LOW HITPOINT WARNING * * *
Ijyb hits you but does no damage.
Unknown command.
You barely miss the ribbon worm. You hit Ijyb but do no damage.
Ijyb hits you but does no damage. The ribbon worm bites you.
* * * LOW HITPOINT WARNING * * *
Unknown command.
You hit the ribbon worm but do no damage.
You hit Ijyb but do no damage. Ijyb hits you but does no damage.
The ribbon worm expels a string of sticky webbing.
The stream of webbing hits you but does no damage.
You are caught in a web!
Unknown command.
The web tears apart.
Ijyb zaps a wand.
The bolt of acid hits you!
You die...
Ijyb screams, "Good help so hard to find!"

#. #. #.
... #. ....
##.## #.?
##...##...
#.....#.#.#
#.........#
#...w♣#
#(..g##
#..=.##
....#..
.##...#
.... ###.#
#. ..


You could see Ijyb and a ribbon worm.

Vanquished Creatures
  A ribbon worm (D:2)
  2 hobgoblins (D:3)
  A ball python (D:3)
  A frilled lizard (D:1)
  A kobold (D:1)
6 creatures vanquished.

Notes
Turn   | Place    | Note
-------+----------+-------------------------------------------
     0 | D:1      | zazu2006 the Gnoll Wanderer began the quest for the Orb.
     0 | D:1      | zazu2006 set off with the following items: a +2 hand axe, a
                  | potion of lignification, a +0 pair of boots, a potion of
                  | curing, a +0 robe.
     0 | D:1      | Reached XP level 1. HP: 17/17 MP: 1/1
   120 | D:3      | Noticed Ijyb
   129 | D:3      | Reached XP level 2. HP: 23/23 MP: 2/2
   138 | D:3      | Killed from afar by Ijyb

Illustrated notes

Levels and vault maps discovered:
D:1:      dpeg_arrival_tiny_g, layout_loops_ring,
          dilly_ecumenical_altar_fadedgnrine
D:2:      layout_loops_ring, serial_bayou, serial_bayou_shore_a,
          serial_bayou_pond_e, serial_bayou_pond_c, serial_bayou_lagoon_a,
          serial_park_tiny_2, kennysheep_boxes
D:3:      minmay_evil_eye, layout_loops_ring, uniq_ijyb

Action                     || total
---------------------------++-------
  Melee: Hand axe          ||    22
    Use: Potion            ||     2
   Stab: Sleeping          ||     3
 Armour: Skin              ||    20
         Robe              ||     4
  Dodge: Dodged            ||     6

Table legend: (Time is in decaauts)
 A = Elapsed time spent in this place.
 B = Non-inter-level travel time spent in this place.
 C = Inter-level travel time spent in this place.
 D = Time resting spent in this place.
 E = Time spent auto-exploring this place.
 F = Levels seen in this place.
 G = Mean time per level.
                   A        B        C        D        E       F      G
               +--------+--------+--------+--------+--------+-----+--------+
         Total |    137 |    119 |     18 |      0 |     71 |   3 |   45.7 |
       Dungeon |    137 |    119 |     18 |      0 |     71 |   3 |   45.7 |
               +--------+--------+--------+--------+--------+-----+--------+

Top non-repeatable levels by time:
     D:1: 67 daAuts
     D:2: 52 daAuts
     D:3: 17 daAuts
